PCL
PORTLAND BEAVERS @ TUCSON TOROS
07/02/1982
 
TOP OF THE 1ST
Portland Beavers batting - Pitching for Tucson Toros : RHP Mark Littell
Pitching: RHP Mark Littell
Batting: SHB Wally Backman 0-0: Called Strike
0-1: Ground out U3 (Groundball, 3, EV 105.6 MPH)
Batting: LHB Mike Gates 0-0: Ground out 4-3 (Groundball, 4, EV 93.1 MPH)
Batting: RHB Martinho Varandas 0-0: Ball
1-0: Called Strike
1-1: Foul Ball, location: 2F
1-2: Foul Ball, location: 2F
1-2: Ball
2-2: Strikes out looking
Top of the 1st over - 0 runs, 0 hits, 0 errors, 0 left on base; Portland 0 - Tucson 0
BOTTOM OF THE 1ST
Tucson Toros batting - Pitching for Portland Beavers : RHP Kenneth Shea
Pitching: RHP Kenneth Shea
Batting: LHB Juan Bustabad 0-0: Ground out U3 (Groundball, 3, EV 85.0 MPH)
Batting: SHB Rodney Scott 0-0: Called Strike
0-1: Ground out 4-3 (Groundball, 4, EV 77.5 MPH)
Batting: RHB David Holmes 0-0: Fly out, F9 (Flyball, 9LM, EV 80.6 MPH)
Bottom of the 1st over - 0 runs, 0 hits, 0 errors, 0 left on base; Portland 0 - Tucson 0
TOP OF THE 2ND
Portland Beavers batting - Pitching for Tucson Toros : RHP Mark Littell
Batting: LHB Harold Baines 0-0: Ball
1-0: Ground out 4-3 (Groundball, 4M, EV 88.1 MPH)
Batting: LHB Andre David 0-0: Ball
1-0: Fly out, F9 (Flyball, 89S, EV 88.1 MPH)
Batting: RHB Skeeter Barnes 0-0: Ground out 5-3 (Groundball, 5, EV 100.0 MPH)
Top of the 2nd over - 0 runs, 0 hits, 0 errors, 0 left on base; Portland 0 - Tucson 0
BOTTOM OF THE 2ND
Tucson Toros batting - Pitching for Portland Beavers : RHP Kenneth Shea
Batting: LHB Pat Dodson 0-0: Ball
1-0: Called Strike
1-1: Foul Ball, location: 2F
1-2: Foul Ball, location: 2F
1-2: Ball
2-2: Ball
3-2: Base on Balls
Batting: LHB Tim Krauss 0-0: Fly out, F7 (Flyball, 7S, EV 91.3 MPH)
Batting: SHB Michael Miara 0-0: Ball
1-0: Ball
2-0: Called Strike
2-1: Foul Ball, location: 2F
2-2: Grounds into double play, 4-6-3 (Groundball, 4M, EV 78.1 MPH)
Bottom of the 2nd over - 0 runs, 0 hits, 0 errors, 0 left on base; Portland 0 - Tucson 0
TOP OF THE 3RD
Portland Beavers batting - Pitching for Tucson Toros : RHP Mark Littell
Batting: RHB Pepe Mangual 0-0: Ball
1-0: Ball
2-0: Ball
3-0: Called Strike
3-1: Base on Balls
Batting: RHB Kevin Buckley 0-0: Swinging Strike
0-1: Ball
1-1: Foul Ball, location: 2F
1-2: Ball
2-2: SINGLE (Line Drive, 4MD, EV 95.6 MPH)
Pepe Mangual to second
Runner from 2nd tries for 3rd, SAFE, throw by CF made to third
Batting: LHB Pat Sheridan 0-0: Called Strike
0-1: Ball
1-1: Swinging Strike
1-2: Ball
2-2: Foul Ball, location: 2F
2-2: Ball
3-2: Fielders Choice at 2nd, 6-4 (Groundball, 6, EV 103.8 MPH)
Pepe Mangual scores
Batting: SHB Wally Backman 0-0: Foul Ball, location: 2F
0-1: Ball
1-1: Ball
2-1: Ball
3-1: Base on Balls
Pat Sheridan to second
Batting: LHB Mike Gates 0-0: Called Strike
0-1: Called Strike
Pat Sheridan is caught stealing 3rd base 2-5
Wally Backman to second
0-2: Strikes out swinging
Top of the 3rd over - 1 run, 1 hit, 0 errors, 1 left on base; Portland 1 - Tucson 0
BOTTOM OF THE 3RD
Tucson Toros batting - Pitching for Portland Beavers : RHP Kenneth Shea
Batting: LHB Danny Garcia 0-0: Called Strike
0-1: Foul Ball, location: 2F
0-2: Fly out, F7 (Flyball, 7LS, EV 75.0 MPH)
Batting: LHB Bruce Boisclair 0-0: Foul Ball, location: 2F
0-1: Called Strike
0-2: Ball
1-2: Strikes out looking
Batting: RHB Talmadge Tanks 0-0: Fly out, F8 (Flyball, 8RS, EV 90.0 MPH)
Bottom of the 3rd over - 0 runs, 0 hits, 0 errors, 0 left on base; Portland 1 - Tucson 0
TOP OF THE 4TH
Portland Beavers batting - Pitching for Tucson Toros : RHP Mark Littell
Batting: RHB Martinho Varandas 0-0: Fly out, F8 (Flyball, 8LS, EV 97.5 MPH)
Batting: LHB Harold Baines 0-0: Called Strike
0-1: SINGLE (Groundball, 3D, EV 99.4 MPH)
Batting: LHB Andre David 0-0: Ball
1-0: Fly out, F8 (Flyball, 8LD, EV 98.8 MPH)
Batting: RHB Skeeter Barnes 0-0: Ball
1-0: Ball
2-0: Swinging Strike
2-1: Ball
3-1: Base on Balls
Harold Baines to second
Batting: RHB Pepe Mangual 0-0: Called Strike
0-1: Foul Ball, location: 2F
0-2: Foul Ball, location: 2F
0-2: Foul Ball, location: 2F
0-2: Strikes out swinging
Top of the 4th over - 0 runs, 1 hit, 0 errors, 2 left on base; Portland 1 - Tucson 0
BOTTOM OF THE 4TH
Tucson Toros batting - Pitching for Portland Beavers : RHP Kenneth Shea
Batting: LHB Juan Bustabad 0-0: Called Strike
0-1: Foul Ball, location: 2F
0-2: SINGLE (Flyball, 7S, EV 94.4 MPH)
Batting: SHB Rodney Scott 0-0: Ball
1-0: Ball
2-0: Foul Ball, location: 2F
2-1: Fielders Choice at 2nd, 6-4 (Groundball, 6, EV 98.8 MPH)
Batting: RHB David Holmes 0-0: Ball
Rodney Scott steals 2nd base (no throw)
1-0: Foul Ball, location: 2F
1-1: Swinging Strike
1-2: Foul Ball, location: 2F
1-2: Ball
2-2: Fly out, F3 (Popup, 3, EV 57.5 MPH)
Batting: LHB Pat Dodson 0-0: Foul Ball, location: 2F
0-1: Swinging Strike
0-2: Strikes out looking
Bottom of the 4th over - 0 runs, 1 hit, 0 errors, 1 left on base; Portland 1 - Tucson 0
TOP OF THE 5TH
Portland Beavers batting - Pitching for Tucson Toros : RHP Mark Littell
Batting: RHB Kevin Buckley 0-0: Ground out 5-3 (Groundball, 56, EV 88.8 MPH)
Batting: LHB Pat Sheridan 0-0: Called Strike
0-1: Foul Ball, location: 2F
0-2: Foul Ball, location: 2F
0-2: Fly out, F7 (Flyball, 7D, EV 98.1 MPH)
Batting: SHB Wally Backman 0-0: Ball
1-0: Ground out 4-3 (Groundball, 4, EV 82.5 MPH)
Top of the 5th over - 0 runs, 0 hits, 0 errors, 0 left on base; Portland 1 - Tucson 0
BOTTOM OF THE 5TH
Tucson Toros batting - Pitching for Portland Beavers : RHP Kenneth Shea
Batting: LHB Tim Krauss 0-0: Ball
1-0: DOUBLE (Line Drive, 7LS, EV 106.9 MPH)
Batting: SHB Michael Miara 0-0: Bunt missed!
0-1: Sac Bunt to P - play at first, batter OUT! 1-4
Tim Krauss to third
Batting: LHB Danny Garcia 0-0: Called Strike
0-1: Ball
1-1: Ball
2-1: Foul Ball, location: 2F
2-2: Ball
3-2: Foul Ball, location: 2F
3-2: Foul Ball, location: 2F
3-2: Foul Ball, location: 2F
3-2: Strikes out swinging
Batting: LHB Bruce Boisclair 0-0: Swinging Strike
0-1: Swinging Strike
0-2: Strikes out swinging
Bottom of the 5th over - 0 runs, 1 hit, 0 errors, 1 left on base; Portland 1 - Tucson 0
TOP OF THE 6TH
Portland Beavers batting - Pitching for Tucson Toros : RHP Mark Littell
Batting: LHB Mike Gates 0-0: Ground out U3 (Groundball, 3L, EV 103.1 MPH)
Batting: RHB Martinho Varandas 0-0: Swinging Strike
0-1: Ball
1-1: Ground out U3 (Groundball, 34S, EV 90.0 MPH)
Batting: LHB Harold Baines 0-0: Ground out 4-3 (Groundball, 4, EV 97.5 MPH)
Top of the 6th over - 0 runs, 0 hits, 0 errors, 0 left on base; Portland 1 - Tucson 0
BOTTOM OF THE 6TH
Tucson Toros batting - Pitching for Portland Beavers : RHP Kenneth Shea
Batting: RHB Talmadge Tanks 0-0: Called Strike
0-1: Ground out 4-3 (Groundball, 4, EV 88.1 MPH)
Batting: LHB Juan Bustabad 0-0: Ball
1-0: Fly out, F5 (Line Drive, 5, EV 61.9 MPH)
Batting: SHB Rodney Scott 0-0: Ball
1-0: Swinging Strike
1-1: SINGLE (Line Drive, 89M, EV 108.1 MPH)
Batting: RHB David Holmes 0-0: Ball
1-0: Called Strike
1-1: Swinging Strike
1-2: Fly out, F8 (Flyball, 8LXD, EV 87.5 MPH)
Bottom of the 6th over - 0 runs, 1 hit, 0 errors, 1 left on base; Portland 1 - Tucson 0
TOP OF THE 7TH
Portland Beavers batting - Pitching for Tucson Toros : RHP Mark Littell
Batting: LHB Andre David 0-0: Foul Ball, location: 2F
0-1: Ball
1-1: Foul Ball, location: 2F
1-2: Foul Ball, location: 2F
1-2: Ball
2-2: Foul Ball, location: 2F
2-2: Fly out, F8 (Flyball, 8RXD, EV 100.0 MPH)
Batting: RHB Skeeter Barnes 0-0: Ball
1-0: Fly out, F5 (Popup, 56, EV 66.9 MPH)
Batting: RHB Pepe Mangual 0-0: Ball
1-0: Ball
2-0: Ball
3-0: Called Strike
3-1: Foul Ball, location: 2F
3-2: Ground out 3-1 (Groundball, 34S, EV 80.0 MPH)
Top of the 7th over - 0 runs, 0 hits, 0 errors, 0 left on base; Portland 1 - Tucson 0
BOTTOM OF THE 7TH
Tucson Toros batting - Pitching for Portland Beavers : RHP Kenneth Shea
Batting: LHB Pat Dodson 0-0: Ball
1-0: Swinging Strike
1-1: Foul Ball, location: 2F
1-2: Ground out 1-3 (Groundball, P, EV 69.4 MPH)
Batting: LHB Tim Krauss 0-0: Ball
1-0: Ball
2-0: Foul Ball, location: 2F
2-1: Foul Ball, location: 2F
2-2: Ground out 4-3 (Groundball, 4, EV 93.1 MPH)
Batting: SHB Michael Miara 0-0: Ball
1-0: Foul Ball, location: 2F
1-1: Ground out 5-3 (Groundball, 5, EV 86.3 MPH)
Bottom of the 7th over - 0 runs, 0 hits, 0 errors, 0 left on base; Portland 1 - Tucson 0
TOP OF THE 8TH
Portland Beavers batting - Pitching for Tucson Toros : RHP Mark Littell
Batting: RHB Kevin Buckley 0-0: Ball
1-0: SINGLE (Groundball, 56D, EV 105.6 MPH)
Batting: LHB Pat Sheridan 0-0: Ball
1-0: Fielders Choice at 2nd, 5-4 (Groundball, 5S, EV 84.4 MPH)
Batting: SHB Wally Backman 0-0: Ball
Pat Sheridan is caught stealing 2nd base 2-6
1-0: Ball
2-0: Swinging Strike
2-1: Fly out, F8 (Line Drive, 8LD, EV 88.8 MPH)
Top of the 8th over - 0 runs, 1 hit, 0 errors, 0 left on base; Portland 1 - Tucson 0
BOTTOM OF THE 8TH
Tucson Toros batting - Pitching for Portland Beavers : RHP Kenneth Shea
Batting: LHB Danny Garcia 0-0: Ball
1-0: Ball
2-0: Foul Ball, location: 2F
2-1: Fly out, F8 (Flyball, 8RD, EV 100.6 MPH)
Batting: LHB Bruce Boisclair 0-0: Ball
1-0: Called Strike
1-1: Called Strike
1-2: Foul Ball, location: 2F
1-2: Ball
2-2: Ball
3-2: Base on Balls
Batting: RHB Talmadge Tanks 0-0: Bunted foul
0-1: Bunt missed!
0-2: Ball
1-2: Grounds into double play, 4-6-3 (Groundball, 4, EV 88.1 MPH)
Bottom of the 8th over - 0 runs, 0 hits, 0 errors, 0 left on base; Portland 1 - Tucson 0
TOP OF THE 9TH
Portland Beavers batting - Pitching for Tucson Toros : RHP Mark Littell
Pitching: RHP Mike Morgan
Batting: LHB Mike Gates 0-0: Foul Ball, location: 2F
0-1: SINGLE (Line Drive, 7S, EV 106.9 MPH)
Batting: RHB Martinho Varandas 0-0: Ball
1-0: Called Strike
Mike Gates steals 2nd base (no throw)
1-1: Foul Ball, location: 2F
1-2: Foul Ball, location: 2F
1-2: Strikes out looking
Batting: LHB Harold Baines 0-0: Ball
1-0: Ball
2-0: Ball
3-0: Base on Balls
Batting: LHB Andre David 0-0: Ball
1-0: Called Strike
1-1: Fielders Choice at 2nd, 3-6 (Groundball, 3S, EV 80.0 MPH)
Mike Gates to third
Batting: RHB Skeeter Barnes 0-0: Ball
1-0: Ground out 5-3 (Groundball, 5S, EV 85.0 MPH)
Top of the 9th over - 0 runs, 1 hit, 0 errors, 2 left on base; Portland 1 - Tucson 0
BOTTOM OF THE 9TH
Tucson Toros batting - Pitching for Portland Beavers : RHP Kenneth Shea
Batting: LHB Juan Bustabad 0-0: Called Strike
0-1: Ball
1-1: Ground out 4-3 (Groundball, 4M, EV 78.1 MPH)
Batting: SHB Rodney Scott 0-0: SINGLE (Groundball, 4MD, EV 101.9 MPH)
Batting: RHB David Holmes 0-0: Foul Ball, location: 2F
0-1: Ball
1-1: Foul Ball, location: 2F
1-2: Ball
2-2: SINGLE (Line Drive, 3D, EV 101.3 MPH)
Rodney Scott to second
Batting: LHB Pat Dodson 0-0: Called Strike
0-1: Foul Ball, location: 2F
0-2: SINGLE (Flyball, 7LS, EV 91.3 MPH)
Rodney Scott to third
David Holmes to second
Runner from 3rd tries for Home, SAFE, throw by LF to home
Batting: LHB Tim Krauss 0-0: Ball
1-0: Foul Ball, location: 2F
1-1: Foul Ball, location: 2F
1-2: Reached on error, E6 (Flyball, 6D, EV 82.5 MPH)
David Holmes to third
Pat Dodson to second
Batting: SHB Michael Miara 0-0: Called Strike
0-1: Swinging Strike
0-2: Reached on error, E7 (Flyball, 7, EV 91.3 MPH)
David Holmes scores
Bottom of the 9th over - 2 runs, 3 hits, 2 errors, 0 left on base; Portland 1 - Tucson 2
Wednesday, August 12th, 2020 - OOTP Baseball 21.5 Build 76